 Dungeon Crawl Stone Soup version 0.17-a0-1663-gb806841 (webtiles) character file.

100664 matakusis the Imperceptible (level 15, -3/90 HPs)
             Began as a Vampire Enchanter on Aug 15, 2015.
             Was the Champion of Dithmenos.
             Slain by a long sword of holy wrath (14 damage)
             ... on level 2 of the Elven Halls on Aug 16, 2015.
             The game lasted 04:08:56 (37830 turns).

matakusis the Imperceptible (Vampire Enchanter)    Turns: 37830, Time: 04:08:57

Health: -3/90      AC:  9    Str:  7    XL:     15   Next: 81%
Magic:  28/28      EV: 21    Int: 24    God:    Dithmenos [******]
Gold:   3240       SH:  9    Dex: 22    Spells: 5 memorised, 18 levels left

rFire  . . .     SeeInvis +     j - +2 quick blade (freeze)
rCold  + . .     Clarity  .     n - +2 leather armour {rC+}
rNeg   + + .     SustAt   .     F - +3 buckler {rN+}
rPois  .         Gourm    +     (helmet restricted)
rElec  .         Spirit   .     B - +0 cloak
rCorr  .         Warding  .     (no gloves)
rMut   .         Stasis   .     a - +2 pair of boots
MR     ++...                    g - amulet of Dischord {Gourm rN+ Int+6}
Stlth  ++++++++++               T - +3 ring of dexterity
                                M - ring of stealth

@: regenerating quickly, wreathed by umbra, very resistant to hostile
enchantments, uncannily stealthy
A: antennae 1, fangs 3, see invisible, clumsy 1, magic resistance 1, unbreathing
a: Shadow Step, Shadow Form, Renounce Religion


You were on level 2 of the Elven Halls.
You worshipped Dithmenos.
Dithmenos was exalted by your worship.
You were very full.

You visited 6 branches of the dungeon, and saw 29 of its levels.
You also visited: Bailey.

You collected 3357 gold pieces.
You spent 117 gold pieces at shops.

Inventory:

Hand weapons
 j - a +2 quick blade of freezing (weapon)
 t - a +2 dagger of draining
 D - a +3 dagger of venom
Armour
 a - a +2 pair of boots (worn)
 k - the +3 hat of Pondering {ponderous, MR+ MP+10 Int+5}
   (You took it off Gastronok on level 2 of the Orcish Mines)

   It affects your intelligence (+5).
   It affects your resistance to hostile enchantments.
   It affects your magic capacity (+10).
 n - a +2 leather armour of cold resistance (worn)
 z - a +0 robe of the Archmagi
 B - a +0 cloak (worn)
 F - a +3 buckler of positive energy (worn)
Jewellery
 g - the amulet of Dischord (around neck) {Gourm rN+ Int+6}
   (You took it off a deep elf fighter on level 1 of the Elven Halls)

   [amulet of the gourmand]

   It allows you to eat raw meat even when not hungry.
   It affects your intelligence (+6).
   It protects you from negative energy.
 C - an uncursed ring of protection from cold
 K - an uncursed ring of wizardry
 M - a ring of stealth (left hand)
 T - a +3 ring of dexterity (right hand)
 X - an uncursed ring of protection from fire
Magical devices
 d - a wand of teleportation (3)
 v - a wand of disintegration (10)
 w - a wand of disintegration (6)
 y - a wand of teleportation (3)
 H - a wand of slowing (19)
 L - a wand of disintegration (9)
 N - a wand of teleportation (1)
 S - a wand of paralysis (14)
 U - a wand of slowing (23)
 Y - a wand of polymorph (15)
Scrolls
 c - a scroll of enchant armour
 m - a scroll of recharging
 p - a scroll of silence
 q - a scroll of magic mapping
 R - a scroll of fear
 V - 6 scrolls of remove curse
Potions
 e - a potion of haste
 f - 5 potions of might
 i - 2 potions of cancellation
 l - 3 potions of lignification
 o - 2 potions of magic
 r - 3 potions of brilliance
 u - 3 potions of berserk rage
 E - 2 potions of blood
 O - 6 potions of curing
 P - a potion of flight
 W - a potion of agility
Books
 b - Iskenderun's Compendium of Combat Magic
   (You found it on level 1 of the Elven Halls)

   Spells                             Type                      Level
   a - Sting                          Conjuration/Poison           1
   b - Magic Dart                     Conjuration                  1
   c - Throw Flame                    Conjuration/Fire             2
   d - Iskenderun's Battlesphere      Conjuration/Charms           5
   e - Freezing Cloud                 Conjuration/Ice/Air          6
 h - a book of Hinderance

   Spells                             Type                      Level
   a - Confusing Touch                Hexes                        2
   b - Confuse                        Hexes                        3
   c - Gell's Gravitas                Hexes/Translocation          3
   d - Petrify                        Transmutation/Earth          4
   e - Metabolic Englaciation         Hexes/Ice                    5
 s - a Necronomicon

   Spells                             Type                      Level
   a - Haunt                          Necromancy/Summoning         7
   b - Borgnjor's Revivification      Necromancy                   8
   c - Death's Door                   Charms/Necromancy            8
   d - Necromutation                  Transmutation/Necromancy     8
 A - a book of Unlife

   Spells                             Type                      Level
   a - Recall                         Summoning/Translocation      3
   b - Animate Dead                   Necromancy                   4
   c - Control Undead                 Necromancy                   4
   d - Cigotuvi's Embrace             Necromancy                   5
   e - Death Channel                  Necromancy                   6
   f - Simulacrum                     Ice/Necromancy               6
Miscellaneous
 x - a box of beasts
 Q - a plain deck of wonders {Dowsing}
 Z - a plain deck of summoning


   Skills:
 + Level 5.7 Short Blades
   Level 0.5 Axes
   Level 0.2 Bows
 + Level 0.2 Throwing
 + Level 4.0 Armour
 + Level 11.0 Dodging
 * Level 24.0 Stealth
 + Level 3.6 Shields
 + Level 9.8 Spellcasting
 * Level 19.0 Hexes
 * Level 7.7 Summonings
 + Level 0.5 Evocations


You had 18 spell levels left.
You knew the following spells:

 Your Spells              Type           Power        Failure   Level  Hunger
a - Corona                Hex            #######      0%          1    None
b - Confuse               Hex            #######.     0%          3    None
c - Tukima's Dance        Hex            #######.     0%          3    None
d - Recall                Summ/Tloc      N/A          6%          3    None
e - Metabolic Englaciati  Hex/Ice        ######....   6%          5    ####...


Dungeon Overview and Level Annotations

Branches:
Dungeon (13/15)            Temple (1/1) D:6            Lair (8/8) D:11
 Shoals (1/4) Lair:5       Spider (0/4) Lair:3        Slime (0/6) Lair:7
    Orc (4/4) D:9             Elf (2/3) Orc:4
 Vaults: D:13-14

Altars:
Ashenzari
Cheibriados
Dithmenos
Elyvilon
Fedhas
Gozag
Kikubaaqudgha
Makhleb
Nemelex Xobeh
Okawaru
Qazlal
Ru
Sif Muna
Trog
Vehumet
Xom
Yredelemnul
Zin
The Shining One
Beogh

Shops:
D:9 *   D:11 !   Orc:4 *}*%}


Innate Abilities, Weirdness & Mutations

Your natural rate of healing is unusually fast.
You have razor-sharp teeth.
You have supernaturally acute eyesight.
You can survive without breathing.
You have a pair of small antennae on your head.
You are clumsy. (Dex -2)
You are resistant to hostile enchantments.


Message History

The long sword of holy wrath misses you.
You miss the long sword of holy wrath.
The long sword of holy wrath is moderately damaged.
The long sword of holy wrath hits you!
You convulse!
You emit a cloud of dark smoke.
You closely miss the long sword of holy wrath.
The long sword of holy wrath is moderately damaged.
You hit the long sword of holy wrath but do no damage.
The long sword of holy wrath is moderately damaged.
The long sword of holy wrath completely misses you.
You closely miss the long sword of holy wrath.
The long sword of holy wrath is moderately damaged.
You hit the long sword of holy wrath but do no damage.
The long sword of holy wrath is moderately damaged.
The long sword of holy wrath hits you!!
* * * LOW HITPOINT WARNING * * *
You convulse!
* * * LOW HITPOINT WARNING * * *
The long sword of holy wrath hits you!
You die...

,,,,,,,,,,,,,....**#...##########
,,,,,,,,,,,,,...#* #.<### #####
,,,,,,,,,,,,*,..## ###..#####....
,,,,,,....,***..§## ###.........
#..,,.....#* ##§.§# ##..##.##.
...,,......###§§§#* #.....#..
............#§§§#* #..##.#..
.............§§(## #####........
.............§§§@####.#.......#.#
............§.....##.#...#.#...#.
..................###.#..###..#.#
..(.............).##...#..#..#...
.................'##....).#.)....
............†(..#'.'.##...#...##.
.............)..##.'..#########..
................#+.'.##...#...##.
.........)....)..+##.)..).#.)....


You could see a long sword of holy wrath.

Vanquished Creatures
  Gastronok (Orc:2)
  Frances (Elf:1)
  Donald (Orc:4)
  A deep elf sorcerer (Elf:1)
  Nessos (Orc:3)
  A dire elephant (Lair:8)
  8 hydras
  Fannar (Lair:3)
  A deep troll shaman (Lair:8)
  15 dancing weapons (Elf:2)
  A catoblepas (Lair:8)
  8 death yaks
  4 spriggan berserkers (Elf:2)
  3 orc high priests (Orc:4)
  A fire crab (Lair:8)
  The ghost of kae the Carver, an experienced MiFi of Qazlal (D:8)
  6 deep elf knights
  3 hill giants
  4 deep elf summoners
  2 orc knights
  An orc sorcerer (Elf:2)
  12 deep elf conjurers
  7 black mambas
  A manticore (D:8)
  9 elephants
  Maurice (Orc:2)
  3 fire drakes
  16 spiny frogs
  8 komodo dragons
  4 deep elf priests
  14 blink frogs
  3 polar bears (Lair:5)
  3 trolls
  A boulder beetle (Orc:4)
  33 yaks
  11 deep elf magi
  5 wraiths
  5 wyverns
  6 hippogriffs
  A hungry ghost (D:12)
  Eustachio (D:5)
  7 deep elf fighters
  4 basilisks
  10 porcupines
  12 wargs
  15 wolves
  19 water moccasins
  13 orc warriors
  5 black bears
  6 spiders (Lair:3)
  6 ice beasts
  5 phantoms
  6 ogres
  An eye of draining (D:10)
  10 crocodiles
  2 big kobolds
  4 centaurs
  A gnoll sergeant (D:8)
  20 giant frogs
  7 scorpions
  An electric eel (Lair:7)
  A giant frog zombie (D:8)
  2 crimson imps
  6 hounds
  3 centaur zombies
  3 centaur skeletons
  44 orc priests
  3 giant frog skeletons
  A jelly (D:7)
  11 iguanas
  16 orc wizards
  7 hell rats (Lair:3)
  9 worker ants
  A killer bee zombie (D:6)
  25 sheep
  2 hound zombies (D:11)
  2 hound skeletons
  3 worker ant zombies
  Robin (D:3)
  9 gnolls
  16 adders
  56 river rats
  A shadow imp (D:6)
  3 oozes
  An adder skeleton (D:7)
  5 worms
  4 giant geckos
  188 orcs
  3 ball pythons
  5 bats
  4 giant cockroaches
  16 hobgoblins
  32 kobolds
  5 quokkas
  A giant gecko skeleton (D:4)
  3 giant newts
  24 goblins
  5 jackals
  A jackal zombie (D:6)
  A quokka skeleton (D:4)
  A quokka zombie (D:7)
  4 rats
  A fungus (Lair:5)
  A plant (Lair:5)
893 creatures vanquished.

Vanquished Creatures (collateral kills)
  An orc warlord (Orc:3)
  2 vault guards (D:13)
  Josephine (D:11)
  Erolcha (D:11)
  6 orc high priests (Orc:4)
  4 deep elf knights (Elf:2)
  A deep elf summoner (Elf:1)
  4 deep elf conjurers
  An orc sorcerer (Orc:2)
  An orc knight (Orc:4)
  4 deep elf priests
  13 deep elf fighters
  8 deep elf magi
  16 orc warriors
  7 ogres
  6 orc priests
  3 orc wizards
  27 orcs
  2 hobgoblins (Bailey)
  2 goblins (Bailey)
110 creatures vanquished.

Vanquished Creatures (others)
  3 dancing weapons
  An orc (D:11)
  24 fungi
  30 plants
58 creatures vanquished.

Grand Total: 1061 creatures vanquished

Notes
Turn   | Place    | Note
--------------------------------------------------------------
     0 | D:1      | matakusis the Vampire Enchanter began the quest for the Orb.
     0 | D:1      | Reached XP level 1. HP: 13/13 MP: 3/3
     3 | D:1      | Noticed an electric eel
     3 | D:1      | Noticed an electric eel
   384 | D:1      | Reached skill level 5 in Stealth
   384 | D:1      | Reached XP level 2. HP: 8/19 MP: 5/5
  1034 | D:2      | Reached XP level 3. HP: 24/24 MP: 6/6
  1098 | D:2      | Learned a level 3 spell: Confuse
  1629 | D:3      | Noticed Robin
  1630 | D:3      | Reached skill level 5 in Hexes
  1667 | D:3      | Reached skill level 6 in Stealth
  1697 | D:3      | Found a stormy altar of Qazlal.
  1734 | D:3      | Found an iron altar of Okawaru.
  1838 | D:3      | Killed Robin
  1838 | D:3      | Reached XP level 4. HP: 23/30 MP: 0/7
  2124 | D:3      | Found a snail-covered altar of Cheibriados.
  2140 | D:3      | Found a basalt altar of Yredelemnul.
  2141 | D:3      | Found a deep blue altar of Sif Muna.
  2193 | D:3      | Reached skill level 7 in Stealth
  2199 | D:3      | Found an opulent altar of Gozag.
  2487 | D:3      | Learned a level 3 spell: Tukima's Dance
  2526 | D:4      | Found a white marble altar of Elyvilon.
  2544 | D:4      | Reached XP level 5. HP: 11/35 MP: 8/8
  2816 | D:4      | Found a shadowy altar of Dithmenos.
  2833 | D:4      | Became a worshipper of Dithmenos the Shadowed
  2845 | D:4      | Reached skill level 8 in Stealth
  2845 | D:4      | Reached XP level 6. HP: 41/41 MP: 9/9
  3681 | D:4      | Reached skill level 9 in Stealth
  3990 | D:4      | Noticed an ogre
  3998 | D:4      | Killed an ogre
  3998 | D:4      | Reached XP level 7. HP: 28/46 MP: 6/10
  4443 | D:5      | Entered Level 5 of the Dungeon
  4795 | D:5      | Noticed Eustachio
  4802 | D:5      | Killed Eustachio
  4802 | D:5      | Reached skill level 10 in Stealth
  5366 | D:6      | Reached skill level 11 in Stealth
  5475 | D:6      | Reached XP level 8. HP: 52/52 MP: 12/12
  5511 | D:6      | Found a staircase to the Ecumenical Temple.
  5525 | D:6      | Found a blossoming altar of Fedhas.
  5530 | Temple   | Entered the Ecumenical Temple
  5806 | D:6      | Found a radiant altar of Vehumet.
  5890 | D:6      | Reached skill level 5 in Dodging
  6301 | D:7      | Reached skill level 12 in Stealth
  6361 | D:7      | Reached skill level 1 in Armour
  6402 | D:7      | Found a sacrificial altar of Ru.
  7079 | D:7      | Reached XP level 9. HP: 57/57 MP: 10/14
  7239 | D:7      | Reached skill level 13 in Stealth
  7245 | D:7      | Noticed a moth of wrath
  7248 | D:7      | Found a bloodstained altar of Trog.
  7732 | D:8      | Acquired Dithmenos's first power
  7904 | D:8      | Noticed kae's ghost (experienced MiFi)
  8668 | D:8      | Reached skill level 10 in Hexes
  8691 | D:8      | Noticed a manticore
  8710 | D:8      | Killed a manticore
  8710 | D:8      | Reached skill level 14 in Stealth
  8895 | D:8      | Found a glowing silver altar of Zin.
  9465 | D:8      | Reached XP level 10. HP: 63/63 MP: 16/16
  9550 | D:8      | Killed kae's ghost
  9831 | D:9      | Found a staircase to the Orcish Mines.
 10365 | D:9      | Reached skill level 15 in Stealth
 10373 | D:9      | Found Omisan's General Store.
 10996 | Orc:1    | Entered Level 1 of the Orcish Mines
 11081 | Orc:1    | Acquired Dithmenos's second power
 11492 | Orc:1    | Found a bloodstained altar of Trog.
 11675 | Orc:2    | Noticed Gastronok
 11940 | Orc:2    | Killed Gastronok
 11940 | Orc:2    | Reached skill level 16 in Stealth
 11940 | Orc:2    | Reached skill level 5 in Spellcasting
 11940 | Orc:2    | Reached XP level 11. HP: 68/68 MP: 8/19
 12112 | Orc:2    | Noticed an orc sorcerer
 12125 | Orc:2    | Killed an orc sorcerer
 12253 | Orc:2    | You fall through a shaft for 2 floors!
 12253 | Orc:4    | Entered Level 4 of the Orcish Mines
 12270 | Orc:4    | Noticed Donald
 12289 | Orc:4    | Killed Donald
 12289 | Orc:4    | Acquired Dithmenos's third power
 12660 | Orc:4    | Found a staircase to the Elven Halls.
 12868 | Orc:1    | Noticed an orc knight
 12884 | Orc:1    | Killed an orc knight
 12884 | Orc:1    | Reached skill level 17 in Stealth
 12884 | Orc:1    | Reached skill level 1 in Shields
 13320 | Orc:1    | Acquired Dithmenos's fourth power
 13741 | Orc:2    | Noticed Maurice
 13743 | Orc:2    | Killed Maurice
 14276 | Orc:3    | Noticed an orc warlord
 14314 | Orc:3    | Noticed Nessos
 14325 | Orc:3    | Killed Nessos
 14538 | Orc:3    | Killed an orc warlord
 14984 | Orc:4    | Found a roughly hewn altar of Beogh.
 14985 | Orc:4    | Noticed an orc high priest
 14985 | Orc:4    | Noticed an orc high priest
 14985 | Orc:4    | Killed an orc high priest
 15107 | Orc:4    | Noticed an orc high priest
 15120 | Orc:4    | HP: 2/68 [red devil/trident[an orc high priest] (6)]
 15633 | Orc:4    | Found Eraupu's Gadget Shoppe.
 16229 | Orc:4    | Reached XP level 12. HP: 74/74 MP: 22/22
 16290 | Orc:4    | Noticed an orc high priest
 16296 | Orc:4    | Killed an orc high priest
 16296 | Orc:4    | Reached skill level 18 in Stealth
 16316 | Orc:4    | HP: 3/74 [sun demon[an orc high priest] (17)]
 16534 | Orc:4    | Noticed an orc high priest
 16544 | Orc:4    | Killed an orc high priest
 16642 | Orc:4    | Noticed an orc high priest
 16648 | Orc:4    | Killed an orc high priest
 16816 | Orc:4    | Noticed an orc high priest
 16817 | Orc:4    | Noticed an orc high priest
 16822 | Orc:4    | Killed an orc high priest
 16825 | Orc:4    | Killed an orc high priest
 16882 | Orc:4    | Found Nexzam's Gadget Emporium.
 16882 | Orc:4    | Found Sihom's General Store.
 16895 | Orc:4    | Noticed an orc high priest
 16902 | Orc:4    | Killed an orc high priest
 16992 | Orc:4    | Killed an orc high priest
 17132 | Orc:4    | Found Koery's Food Emporium.
 17132 | Orc:4    | Found Bojod's General Store.
 17289 | Orc:4    | Killed an orc high priest
 17727 | Elf:1    | Entered Level 1 of the Elven Halls
 17914 | D:10     | Entered Level 10 of the Dungeon
 18136 | D:10     | Learned a level 3 spell: Recall
 19011 | D:11     | Reached skill level 1 in Summonings
 19014 | D:11     | Found a flagged portal.
 19044 | Bailey   | Entered a bailey
 19410 | Bailey   | Reached skill level 15 in Hexes
 19570 | D:11     | Noticed Erolcha
 19583 | D:11     | Killed Erolcha
 19625 | D:11     | Found a staircase to the Lair.
 19667 | D:11     | Got an iridescent glaive
 19800 | D:11     | Got an ebony war axe
 19801 | D:11     | Identified the cursed +1 war axe of Imbalance {drain, rC+} (You found it on level 11 of the Dungeon)
 20090 | D:11     | Reached skill level 19 in Stealth
 21505 | D:11     | Noticed Josephine
 21510 | D:11     | Found Nogu's Distillery.
 21518 | D:11     | Bought a potion of curing for 39 gold pieces
 21518 | D:11     | Bought a potion of curing for 39 gold pieces
 21518 | D:11     | Bought a potion of curing for 39 gold pieces
 21531 | D:11     | Killed Josephine
 22982 | D:13     | Reached XP level 13. HP: 55/79 MP: 24/24
 23158 | D:13     | Noticed a seven-headed hydra
 23223 | D:13     | Noticed a vault guard
 23258 | D:13     | Killed a vault guard
 23264 | D:13     | Noticed a vault guard
 23283 | D:13     | Killed a vault guard
 23407 | Lair:1   | Entered Level 1 of the Lair of Beasts
 23789 | Lair:1   | Reached skill level 20 in Stealth
 26602 | Lair:3   | Reached skill level 10 in Dodging
 26880 | Lair:3   | Noticed Fannar
 26901 | Lair:3   | Killed Fannar
 27218 | Lair:3   | Found a hole to the Spider Nest.
 27676 | Lair:4   | Reached skill level 21 in Stealth
 27813 | Lair:4   | Reached skill level 5 in Short Blades
 28384 | Lair:5   | Reached XP level 14. HP: 57/85 MP: 22/26
 28843 | Lair:5   | Reached skill level 5 in Summonings
 29668 | Lair:5   | Found a staircase to the Shoals.
 29673 | Shoals:1 | Entered Level 1 of the Shoals
 30089 | Lair:6   | Found a shimmering altar of Xom.
 30538 | Lair:7   | Found a staircase to the Slime Pits.
 30860 | Lair:7   | Reached skill level 22 in Stealth
 31575 | Lair:8   | Entered Level 8 of the Lair of Beasts
 31698 | Lair:8   | Upgraded the game from 0.17-a0-1655-g88a8506 to 0.17-a0-1663-gb806841
 31764 | Lair:8   | Gained mutation: You have a pair of small antennae on your head. [potion of mutation]
 31764 | Lair:8   | Gained mutation: You are clumsy. (Dex -2) [potion of mutation]
 31764 | Lair:8   | Gained mutation: You are resistant to hostile enchantments. [potion of mutation]
 32984 | Lair:8   | Identified a +3 rod of destruction (10/10) (You found it on level 8 of the Lair of Beasts)
 33794 | Elf:1    | Reached XP level 15. HP: 76/90 MP: 13/28
 34646 | Elf:1    | Got a brightly glowing pewter amulet
 34653 | Elf:1    | Identified the amulet of Dischord {Gourm rN+ Int+6} (You took it off a deep elf fighter on level 1 of the Elven Halls)
 34944 | Elf:1    | Noticed Frances
 34951 | Elf:1    | Killed Frances
 35051 | Elf:1    | Noticed a deep elf sorcerer
 35059 | Elf:1    | Killed a deep elf sorcerer
 35059 | Elf:1    | Reached skill level 23 in Stealth
 35061 | Elf:1    | Identified Iskenderun's Compendium of Combat Magic
 35318 | Elf:1    | Learned a level 5 spell: Metabolic Englaciation
 35446 | Elf:2    | Found a runed gate.
 35448 | Elf:2    | Found a runed gate.
 35448 | Elf:2    | Found a runed gate.
 35569 | Elf:2    | Found a bloodstained altar of Trog.
 37586 | Elf:2    | Reached skill level 24 in Stealth
 37830 | Elf:2    | Slain by a long sword of holy wrath

Vault maps used:
D:1:      arrival_aquarium_b, minmay_misc_feat_roman
D:2:      due_unseen_surprise
D:3:      grunt_gozag_breadcrumbs, lemuel_crystal_altar,
          grunt_temple_overflow_open, lemuel_coloured_pillars_altar,
          first_bread, uniq_robin
D:4:      kennysheep_big_flooded_room, kennysheep_mini_moat,
          grunt_dithmenos_smoke_and_mirrors
D:5:      uniq_eustachio
D:6:      nicolae_overflow_crystal_walls, minmay_temple_entry_large_hall,
          basic_altar, minivault_24
D:7:      tgw_trog, minmay_misc_feat_doors, nicolae_ru_sacrificial_ziggurat
D:8:      kennysheep_little_box
D:9:      orc_0_dummy, serial_shops, nicolae_shop_behind_doors
D:11:     dpeg_lair_monsters, enter_bailey_3, serial_shops, nicolae_shop_stone,
          uniq_erolcha, uniq_josephine
D:13:     grunt_vaults_entry_fortified, hangedman_tell_no_tales
Temple:   minmay_temple_bridge_a_8
Lair:1:   minivault_23, st_stairs_13, beast_lair_carwin_4
Lair:2:   minivault_19, serial_bayou_shore_b
Lair:3:   nicolae_spider_entry_tight_spaces, uniq_fannar
Lair:5:   elwin_shoals_entry_rooms, beast_lair_carwin_6
Lair:6:   basic_altar, hangedman_lair_unloving_vines
Lair:7:   slime_dummy, wad_woods_road_03, eino_small_chamber_without_monster,
          serial_bayou_lake_a
Lair:8:   grunt_lair_end_beastmaster
Shoals:1: nicolae_shoals_flooded_hall, uniq_roxanne
Orc:1:    nicolae_orc_accident_3, trog_hazing_becter
Orc:2:    uniq_maurice, uniq_gastronok
Orc:3:    nicolae_orc_pool_cavern, uniq_nessos
Orc:4:    st_orc_town, serial_shops,
          nicolae_shop_temple_entry_statues_fountains, rock_pile, uniq_donald
Elf:1:    minmay_elf_arrival_plus, minmay_elf_sorcery, uniq_frances
Elf:2:    evilmike_spriggan_trog_shrine
Bailey:   bailey_axe_1, bailey

Action                   |  1- 3 |  4- 6 |  7- 9 | 10-12 | 13-15 || total
-------------------------+-------+-------+-------+-------+-------++-------
Melee: Dagger            |   124 |   132 |   365 |  1019 |  1044 ||  2684
       War axe           |       |       |       |   303 |    12 ||   315
       Unarmed           |       |       |       |    21 |       ||    21
       Rapier            |       |       |       |       |    13 ||    13
       Quick blade       |       |       |       |       |    24 ||    24
 Fire: Shortbow          |       |       |     5 |       |       ||     5
Throw: Throwing net      |       |       |       |       |    15 ||    15
 Cast: Corona            |     2 |       |       |       |     1 ||     3
       Confuse           |     1 |     7 |    47 |   119 |   143 ||   317
       Tukima's Dance    |       |     1 |     6 |    65 |    63 ||   135
 Abil: End Transformatio |       |       |       |     3 |       ||     3
       Bat Form          |       |       |       |     3 |       ||     3
Evoke: Wand              |       |       |       |     4 |     9 ||    13
  Use: Scroll            |     1 |    11 |     5 |    16 |    22 ||    55
       Potion            |       |       |    11 |    15 |    19 ||    45
 Stab: Sleeping          |    13 |    15 |    24 |    74 |   162 ||   288
       Distracted        |       |     1 |     3 |    12 |    19 ||    35
       Confused          |       |       |    18 |    50 |    62 ||   130
       Held in net/web   |       |       |       |       |     5 ||     5
       Invisible         |       |       |       |       |     1 ||     1
  Eat: Corpse            |     9 |     9 |    18 |    40 |    31 ||   107
